 Dungeon Crawl Stone Soup version 0.30-a0-639-g3916f1956a (console) character file.

Game seed: 6488611343822146510

13 petzl the Sneak (level 2, 0/24 HPs)
             Began as a Formicid Delver on Jan 16, 2023.
             Slain by a centaur (3 damage)
             ... on level 9 of the Dungeon.
             The game lasted 00:02:06 (347 turns).

petzl the Sneak (Formicid Delver)                    Turns: 347, Time: 00:02:07

Health: 0/24       AC:  3    Str: 16    XL:     2   Next: 50%
Magic:  5/5        EV: 12    Int:  9    God:
Gold:   36         SH:  0    Dex: 15    Spells: 5/5 levels left

rFire   . . .      SeeInvis +    a - +0 mace
rCold   . . .      Faith    .    (no shield)
rNeg    . . .      Spirit   .    b - +0 leather armour
rPois   .          Reflect  .    (helmet unavailable)
rElec   .          Harm     .    (no cloak)
rCorr   .          Rampage  .    (no gloves)
Will    .....                    (no boots)
Stlth   +++                      (no amulet)
HPRegen 0.24/turn                (no ring)
MPRegen 0.09/turn                (no ring)

@: no status effects
A: permanent stasis, dig shafts and tunnels, antennae 3, four strong arms
a: Dig, Shaft Self


You were on level 9 of the Dungeon.
You visited 1 branch of the dungeon, and saw 3 of its levels.

You collected 36 gold pieces.

Inventory:

Hand Weapons
 a - a +0 mace (weapon)
Armour
 b - a +0 leather armour (worn)
Wands
 g - a wand of digging (3)
 i - a wand of flame (20)
Scrolls
 c - a scroll of fog
 d - a scroll of magic mapping
 e - a scroll of fear
 h - a scroll of teleportation {unknown}
 k - a scroll of identify {unknown}
 n - a scroll of torment {unknown}
Potions
 f - a potion of haste
 j - a potion of degeneration {unknown}
 l - a potion of brilliance {unknown}
 m - a potion of curing {unknown}


   Skills:
 - Level 3.2 Fighting
 - Level 2.0 Maces & Flails
 - Level 1.7 Dodging
 - Level 6.0 Stealth
 + Level 2.0 Spellcasting


You had 5 spell levels left.
You didn't know any spells.
Your spell library contained the following spells:

 Spells                   Type           Power      Damage    Failure   Level
 Summon Ice Beast         Ice/Summ       0%         N/A       99%         4
 Summon Mana Viper        Hex/Summ       0%         N/A       100%        5
 Monstrous Menagerie      Summ           0%         N/A       100%        7


Dungeon Overview and Level Annotations

Branches:
Dungeon (6/15)
 Temple: D:4-7

Altars:


Innate Abilities, Weirdness & Mutations

You cannot be hasted, slowed, berserked, paralysed or teleported.
You can dig through walls and to a lower floor.
You have a pair of large antennae on your head. (SInv)
Your four strong arms can wield two-handed weapons with a shield.


Message History

The centaur kicks you but does no damage.
The centaur hits you. The centaur kicks you.
You hit the centaur.
The centaur is moderately wounded.
The centaur hits you. The centaur misses you.
You hit the centaur but do no damage.
The centaur is moderately wounded.
The centaur hits you but does no damage.
The centaur closely misses you. The centaur hits you. The centaur kicks you.
* * * LOW HITPOINT WARNING * * *
Aiming: Throw Flame
Press: ? - help, Shift-Dir - straight line, f - centaur
Aim: a centaur (moderately wounded, 81% to hit)
The puff of flame hits the centaur.
The centaur is heavily wounded.
The centaur closely misses you.
The centaur kicks you but does no damage.
The centaur hits you but does no damage.
The centaur kicks you.
* * * LOW HITPOINT WARNING * * *
Aiming: Throw Flame
Press: ? - help, Shift-Dir - straight line, f/p - centaur
Aim: a centaur (heavily wounded, 81% to hit)
The puff of flame misses the centaur.
The centaur hits you but does no damage.
The centaur kicks you.
* * * LOW HITPOINT WARNING * * *
Aiming: Throw Flame
Press: ? - help, Shift-Dir - straight line, f/p - centaur
Aim: a centaur (heavily wounded, 81% to hit)
The puff of flame hits the centaur!
The centaur is almost dead.
The centaur hits you.
* * * LOW HITPOINT WARNING * * *
The centaur misses you. x3
Aiming: Throw Flame
Press: ? - help, Shift-Dir - straight line, f/p - centaur
Aim: a centaur (almost dead, 81% to hit)
The puff of flame misses the centaur.
The centaur hits you.
You die...

######### #.......#
#.......# #.......####
#..........###############
#.......##................
#.......##################
#.....@.# #....c..#
##.###### #


You could see a centaur.

Vanquished Creatures
  An adder (D:6)
  2 orcs (D:6)
3 creatures vanquished.

Notes
Turn   | Place    | Note
-------+----------+-------------------------------------------
     0 | D:5      | petzl the Formicid Delver began the quest for the Orb.
     0 | D:5      | Reached XP level 1. HP: 18/18 MP: 1/1
    15 | D:6      | Noticed a hound
    20 | D:5      | Noticed a shadow
    31 | D:5      | You fall into a shaft and drop 1 floor!
    56 | D:6      | Reached skill level 1 in Spellcasting
    56 | D:6      | Reached XP level 2. HP: 15/24 MP: 1/4
   135 | D:6      | Noticed a vampire mosquito
   138 | D:6      | Noticed a vampire mosquito
   140 | D:6      | You fall into a shaft and drop 3 floors!
   337 | D:9      | Noticed a centaur
   347 | D:9      | Slain by a centaur

Illustrated notes

Levels and vault maps discovered:
D:5:      layout_gridville, lightli_sewer_entry_pipes, uniq_ijyb
D:6:      layout_rooms, corexii_shack, uniq_blork_the_orc
D:9:      layout_roguey, orc_0_dummy

Skill      XL: |  1  2 |
---------------+-------+-----
Spellcasting   | 1 2 |  2.0
Fighting       | |  3.2
Maces & Flails | |  2.0
Dodging        | |  1.7
Stealth        | |  6.0

Action                   || total
-------------------------++-------
Melee: Mace              ||    15
 Abil: Shaft Self        ||     2
Evoke: Wand              ||     4
 Stab: Sleeping          ||     1
Armor: Leather armour    ||    10
Dodge: Dodged            ||    23

Table legend: (Time is in decaauts)
 A = Elapsed time spent in this place.
 B = Non-inter-level travel time spent in this place.
 C = Inter-level travel time spent in this place.
 D = Time resting spent in this place.
 E = Time spent auto-exploring this place.
 F = Levels seen in this place.
 G = Mean time per level.
                   A        B        C        D        E       F      G
               +--------+--------+--------+--------+--------+-----+--------+
         Total |    350 |    350 |      0 |     93 |     81 |   3 |  116.7 |
       Dungeon |    350 |    350 |      0 |     93 |     81 |   3 |  116.7 |
               +--------+--------+--------+--------+--------+-----+--------+

Top non-repeatable levels by time:
     D:9: 207 daAuts
     D:6: 117 daAuts
     D:5: 25 daAuts
